 Dungeon Crawl Stone Soup version 0.20-a0-345-gbfb25ec (webtiles) character file.

44 kr4n3x the Conjurer (level 3, -4/19 HPs)
             Began as a Deep Elf Conjurer on Dec 22, 2016.
             Slain by Crazy Yiuf
             ... wielding a +3 quarterstaff of chaos
              (13 damage)
             ... on level 2 of the Dungeon.
             The game lasted 00:03:49 (1249 turns).

kr4n3x the Conjurer (Deep Elf Conjurer)             Turns: 1249, Time: 00:03:49

Health: -4/19      AC:  4    Str:  5    XL:     3   Next: 39%
Magic:  1/10       EV: 13    Int: 20    God:
Gold:   112        SH:  0    Dex: 15    Spells: 3/9 levels left

rFire  . . .     SeeInvis .     g - +0 dagger
rCold  . . .     Gourm    .     a - +0 robe
rNeg   . . .     Faith    .     (no shield)
rPois  .         Spirit   .     (no helmet)
rElec  .         Reflect  .     (no cloak)
rCorr  .         Harm     .     d - +1 pair of gloves
MR     .....                    (no boots)
Stlth  ++........               (no amulet)
                                (no ring)
                                (no ring)

@: no status effects
A: no striking features
a: no special abilities


You were on level 2 of the Dungeon.
You were not hungry.

You visited 1 branch of the dungeon, and saw 2 of its levels.

You collected 112 gold pieces.

Inventory:

Hand Weapons
 g - a +0 dagger (weapon)
Armour
 a - a +0 robe (worn)
 d - a +1 pair of gloves (worn)
Jewellery
 h - an uncursed ring of resist corrosion {unknown}
Wands
 q - a wand of enslavement (24/24)
Scrolls
 e - 4 scrolls of remove curse
 k - 2 scrolls of teleportation
Potions
 f - 3 potions of heal wounds {unknown}
 j - a potion of magic {unknown}
 n - 2 potions of curing {unknown}
 p - a potion of agility {unknown}
Books
 b - a book of Conjurations

   Spells                             Type                      Level
   a - Magic Dart                     Conjuration                  1
   b - Searing Ray                    Conjuration                  2
   c - Dazzling Spray                 Conjuration/Hexes            3
   d - Fulminant Prism                Conjuration/Hexes            4
   e - Iskenderun's Mystic Blast      Conjuration                  4
   f - Iskenderun's Battlesphere      Conjuration/Charms           5
Comestibles
 c - 3 bread rations
 o - 2 chunks of flesh


   Skills:
 - Level 2.8 Dodging
 - Level 2.4 Stealth
 + Level 3.5 Spellcasting
 * Level 5.3 Conjurations


You had 3 spell levels left.
You knew the following spells:

 Your Spells              Type           Power        Failure   Level  Hunger
a - Magic Dart            Conj           ###.         1%          1    None
b - Searing Ray           Conj           ###...       2%          2    ##.....
c - Dazzling Spray        Conj/Hex       ##....       14%         3    ###....


Dungeon Overview and Level Annotations

Branches:
Dungeon (2/15)

Altars:
Kikubaaqudgha
Nemelex Xobeh
Uskayaw

Annotations:
D:2 Crazy Yiuf


Message History

Confirm with . or Enter, or press ? or * to list all spells.
You don't have enough magic to cast that spell.
Unknown command.
Crazy Yiuf grits, "Whippet toodlewoodle Orb Guardian!"
Crazy Yiuf sings, "Trees, trees, trees, circus!"
Some of the chunks of flesh in your inventory have rotted away.
Crazy Yiuf laughs, "Action sanguine tea!"
You see here 9 arrows.
Crazy Yiuf says, "Goldfish!
Snower cower childish."
Casting: Magic Dart
Confirm with . or Enter, or press ? or * to list all spells.
Aiming: Dazzling Spray
Press: ? - help, Shift-Dir - straight line, f/p - Crazy Yiuf
Aim: Crazy Yiuf, wielding a quarterstaff of chaos and wearing a runed cloak (moderately wounded)
The spray of energy hits Crazy Yiuf.
Crazy Yiuf is severely wounded.
Crazy Yiuf is dazzled.
Crazy Yiuf hits you with a quarterstaff of chaos!
Ouch! That really hurt!
You die...

#######################
.....(.........g@.....#
#####################.#
#.# #.# #.# #.# #.# #.#
#.#


You could see Crazy Yiuf (blind).

Vanquished Creatures
  An ooze (D:1)
  2 dart slugs
  2 leopard geckos (D:1)
  3 bats
  3 giant cockroaches
  4 hobgoblins (D:1)
  A frilled lizard (D:2)
  6 goblins (D:1)
  4 kobolds
  8 rats
34 creatures vanquished.

Notes
Turn   | Place    | Note
-------+----------+-------------------------------------------
     0 | D:1      | kr4n3x the Deep Elf Conjurer began the quest for the Orb.
     0 | D:1      | Reached XP level 1. HP: 10/10 MP: 6/6
    82 | D:1      | Reached XP level 2. HP: 11/15 MP: 0/8
   345 | D:1      | Reached skill level 5 in Conjurations
   402 | D:1      | Learned a level 2 spell: Searing Ray
   579 | D:1      | Reached XP level 3. HP: 19/19 MP: 7/10
   584 | D:1      | Learned a level 3 spell: Dazzling Spray
   874 | D:2      | Found a hide-covered altar of Uskayaw.
  1084 | D:2      | Found a sparkling altar of Nemelex Xobeh.
  1084 | D:2      | Found an ancient bone altar of Kikubaaqudgha.
  1208 | D:2      | Found a runed door.
  1212 | D:2      | Noticed Crazy Yiuf
  1249 | D:2      | Slain by Crazy Yiuf

Vault maps used:
D:1:      enne_arrival_octagon_isle
D:2:      chequers_temple_overflow_statue_of_worship, old_standard_altar,
          minivault_4, uniq_crazy_yiuf_cottage

Skill      XL: |  1  2 |
---------------+-------+-----
Conjurations   | 5 |  5.3
Dodging        | |  2.8
Stealth        | |  2.4
Spellcasting   | |  3.5

Action                   || total
-------------------------++-------
Melee: Dagger            ||     1
 Cast: Magic Dart        ||    60
       Dazzling Spray    ||     4
  Use: Scroll            ||     7
  Eat: Chunk             ||     1
Dodge: Dodged            ||     5
